 Dungeon Crawl Stone Soup version 0.28.0 (webtiles) character file.

Game seed: 2379897109263800013

90 snetch the Magician (level 4, -1/31 HPs)
             Began as a Djinni Fire Elementalist on Feb 15, 2022.
             Slain by an ogre (7 damage)
             ... on level 3 of the Dungeon.
             The game lasted 00:05:11 (2648 turns).

snetch the Magician (Djinni Fire Elementalist)      Turns: 2648, Time: 00:05:15

Health: -1/31      AC:  6    Str:  7    XL:     4   Next: 85%
Gold:   45         EV: 10    Int: 19    God:
                   SH:  0    Dex: 13

rFire   + + .      SeeInvis .   (no weapon)
rCold   x . .      Faith    .   (no shield)
rNeg    . . .      Spirit   .   k - +0 ring mail
rPois   ∞          Reflect  .   (no helmet)
rElec   .          Harm     .   v - +0 cloak
rCorr   .          Rampage  .   (no gloves)
Will    .....                   (boots unavailable)
Stlth   +.........              (no amulet)
HPRegen 0.10/turn               (no ring)
MPRegen 0.00/turn               (no ring)

@: flying
A: sickness immunity, fire resistance 2, cold vulnerability 1, float, innate
caster, HP casting, extra vitality 1
a: no special abilities


You were on level 3 of the Dungeon.
You visited 1 branch of the dungeon, and saw 3 of its levels.

You collected 45 gold pieces.

Inventory:

Missiles
 e - 14 arrows
 g - 16 stones
 j - 4 poisoned darts
Armour
 k - a +0 ring mail (worn)
 o - a +0 leather armour
 v - a +0 cloak (worn)
Scrolls
 b - 3 scrolls of identify {unknown}
 l - a scroll of holy word {unknown}
 m - a scroll of enchant weapon {unknown}
 r - a scroll of teleportation {unknown}
 s - 2 scrolls of blinking {unknown}
 t - a scroll of immolation {unknown}
Potions
 c - a potion of invisibility {unknown}
 d - 2 potions of heal wounds {unknown}
 f - a potion of magic {unknown}
 h - a potion of ambrosia {unknown}
 i - 2 potions of resistance {unknown}
 n - 3 potions of curing {unknown}
 p - a potion of brilliance {unknown}
 q - a potion of lignification {unknown}
 u - a potion of mutation {unknown}


   Skills:
 + Level 0.4 Armour
 + Level 2.8 Dodging
 + Level 1.7 Stealth
 + Level 3.7 Spellcasting


You couldn't memorise any spells.
You knew the following spells:

 Your Spells              Type           Power      Damage    Failure   Level
a - Foxfire               Conj/Fire      68%        2x1d7     11%         1
b - Scorch                Fire           34%        2d6       16%         2
c - Conjure Flame         Conj/Fire      17%        6-21      30%         3
d - Inner Flame           Hex/Fire       17%        N/A       30%         3
e - Flame Wave            Conj/Fire      17%        2d6       71%         4
f - Magic Dart            Conj           68%        1d6       11%         1
Your spell library was empty.

Dungeon Overview and Level Annotations

Branches:
Dungeon (3/15)

Altars:


Innate Abilities, Weirdness & Mutations

You are immune to sickness and miasma.
You are immune to poison.
Your flesh is very heat resistant. (rF++)
You are vulnerable to cold. (rC-)
You float through the air rather than walking.
You learn spells naturally, not from books.
Your magical power is your life essence.
You have superior vitality. (+4 MHP)


Message History

The foxfire hits the orc.
The orc is heavily wounded.
The foxfire hits the orc but does no damage.
The orc is heavily wounded.
The bat hits you but does no damage.
A jackal comes into view.
Casting: Foxfire (safe; 11% risk of failure)
Confirm with . or Enter, or press ? or * to list all spells.
Flames lash the orc.
You kill the orc!
The jackal barks!
Casting: Scorch (safe; 16% risk of failure)
Confirm with . or Enter, or press ? or * to list all spells.
Flames lash the ogre.
The ogre is moderately wounded.
The ogre's fire resistance burns away.
Casting: Scorch (safe; 16% risk of failure)
Confirm with . or Enter, or press ? or * to list all spells.
Flames lash the jackal.
You kill the jackal!
You hear a bark!
The ogre is no longer more vulnerable to fire.
Casting: Scorch (safe; 16% risk of failure)
Confirm with . or Enter, or press ? or * to list all spells.
Flames lash the ogre.
The ogre is heavily wounded.
The ogre's fire resistance burns away.
You hear a bark!
The ogre hits you with a +0 giant spiked club!!
Ouch! That really hurt!
* * * LOW HITPOINT WARNING * * *
The ogre is no longer more vulnerable to fire.
Casting: Scorch (safe; 16% risk of failure)
Confirm with . or Enter, or press ? or * to list all spells.
Flames lash the ogre.
The ogre is heavily wounded.
The ogre's fire resistance burns away.
* * * LOW HITPOINT WARNING * * *
The ogre hits you with a +0 giant spiked club!
You die...

h#≈≈≈≈ #..o.≈ #.o.≈≈
## #...≈≈ #..#...≈.
###############
..#..≈.≈
#......o.oh.h.#
#.#≈.O.
#.###########O# #.o≈..
#.# #@# .###o#b. #h#
#.# #.# #.##
#.###########.# #.#
#..o #o##...oo.....#
#.# ###o
#...h#######..# #.# #o
###..######...# #.# #.
#...........########.#
#h
#.########.....o.o...#
#. #...#
#.#########.######.


You could see an ogre (combustible) and a jackal.

Vanquished Creatures
  4 gnolls
  An adder (D:2)
  2 worms (D:2)
  A dart slug (D:2)
  An orc (D:3)
  2 endoplasms (D:2)
  A giant cockroach (D:1)
  2 goblins (D:2)
  3 hobgoblins (D:1)
  A jackal (D:3)
  4 kobolds
  3 quokkas
  3 ball pythons
  4 frilled lizards
  A rat (D:2)
33 creatures vanquished.

Vanquished Creatures (collateral kills)
  A foxfire (D:2)
1 creature vanquished.

Vanquished Creatures (others)
  96 foxfires
  A plant (D:2)
97 creatures vanquished.

Grand Total: 131 creatures vanquished

Notes
Turn   | Place    | Note
-------+----------+-------------------------------------------
     0 | D:1      | snetch the Djinni Fire Elementalist began the quest for the
                  | Orb.
     0 | D:1      | Reached XP level 1. HP: 15/15 MP: 0/0
   389 | D:1      | Reached XP level 2. HP: 17/21 MP: 0/0
  1016 | D:1      | Reached skill level 3 in Spellcasting
  1016 | D:1      | Reached XP level 3. HP: 8/25 MP: 0/0
  1016 | D:1      | Learned a level 1 spell: Magic Dart
  1815 | D:2      | Reached XP level 4. HP: 27/31 MP: 0/0
  2585 | D:3      | Found a faded altar of an unknown god.
  2586 | D:3      | Noticed an ogre
  2648 | D:3      | Slain by an ogre

Illustrated notes

Levels and vault maps discovered:
D:1:      mrwooster_arrival_statue_2, layout_loops_corners
D:2:      layout_rooms, hex_medium, chequers_big_river
D:3:      layout_basic, shapermc_ecumenical_altar_starsandcircs,
          uniq_crazy_yiuf_cottage

Skill      XL: |  1  2 |
---------------+-------+-----
Spellcasting   | 3 |  3.7
Armour         | |  0.4
Dodging        | |  2.8
Stealth        | |  1.7

Action                   |  1- 3 |  4- 6 || total
-------------------------+-------+-------++-------
Melee: Unarmed           |    15 |       ||    15
       Punch             |     1 |       ||     1
 Cast: Foxfire           |    39 |    17 ||    56
       Scorch            |     2 |     9 ||    11
Armor: Leather armour    |     4 |       ||     4
       Ring mail         |       |     1 ||     1
Dodge: Dodged            |    13 |       ||    13
